 Dungeon Crawl Stone Soup version 0.23.1 (webtiles) character file.

Game seed: 7575653707276550957

3046 Kniotic the Spear-Bearer (level 9, 0/94 HPs)
             Began as a Demonspawn Berserker on Mar 11, 2019.
             Was an Elder of Trog.
             Slain by a bullfrog (2 damage)
             ... on level 7 of the Dungeon.
             The game lasted 00:12:32 (5654 turns).

Kniotic the Spear-Bearer (Demonspawn Berserker)     Turns: 5654, Time: 00:12:32

Health: 0/94       AC:  6    Str: 26    XL:     9   Next: 56%
Magic:  0/9        EV: 17    Int:  9    God:    Trog [****..]
Gold:   135        SH:  4    Dex: 17    Spells: 8/8 levels left

rFire    + . .     SeeInvis .   D - +3 glaive (protect)
rCold    + . .     Gourm    .   (shield currently unavailable)
rNeg     . . .     Faith    .   F - +3 chain mail
rPois    .         Spirit   +   n - +0 helmet
rElec    .         Reflect  +   (no cloak)
rCorr    .         Harm     .   (no gloves)
MR       .....                  (no boots)
Stlth    ..........             w - +4 amulet of reflection
HPRegen  0.25/turn              l - ring of protection from cold
MPRegen  0.11/turn              B - ring of protection from fire

@: agile, berserking, corroded, very quick
A: hooves 1, icy blue scales 1, powered by pain 1, magic shield
a: Berserk, Trog's Hand, Brothers in Arms, Renounce Religion


You were on level 7 of the Dungeon.
You worshipped Trog.
Trog was greatly pleased with you.
You were not hungry.

You visited 1 branch of the dungeon, and saw 7 of its levels.

You collected 275 gold pieces.
You spent 140 gold pieces at shops.

Inventory:

Hand Weapons
 D - a +3 glaive of protection (weapon)
Armour
 n - a +0 helmet (worn)
 t - a +0 large shield
 F - a +3 chain mail (worn)
Jewellery
 l - a ring of protection from cold (left hand)
 w - a +4 amulet of reflection (around neck)
 B - a ring of protection from fire (right hand)
 E - an uncursed amulet of magic regeneration
Wands
 z - a wand of clouds (5)
 C - a wand of random effects (19)
Scrolls
 e - 3 scrolls of identify
 f - 3 scrolls of enchant armour {unknown}
 g - a scroll of blinking {unknown}
 j - 3 scrolls of enchant weapon {unknown}
 k - a scroll of random uselessness {unknown}
 m - 2 scrolls of immolation
 q - 10 scrolls of teleportation {unknown}
 r - 2 scrolls of remove curse {unknown}
 y - 2 scrolls of amnesia {unknown}
Potions
 b - 3 potions of brilliance
 d - a potion of mutation {unknown}
 h - 2 potions of flight
 i - a potion of invisibility
 o - 2 potions of degeneration {unknown}
 p - 2 potions of heal wounds
 s - 3 potions of curing {unknown}
 v - a potion of might {unknown}
 x - 2 potions of lignification {unknown}
 A - 2 potions of haste {unknown}
Comestibles
 c - 9 rations


   Skills:
 - Level 3.0 Fighting
 * Level 10.6 Polearms
 - Level 1.7 Armour
 + Level 6.8 Dodging


You had 8 spell levels left.
You didn't know any spells.
Your spell library was empty.

Dungeon Overview and Level Annotations

Branches:
Dungeon (7/15)
 Temple: D:4-7

Altars:
Ashenzari
Elyvilon
Qazlal
Uskayaw
Xom
Yredelemnul

Shops:
D:5 !

Annotations:
D:6 1 runed translucent door, zxcvas's ghost, novice OpBe
D:7 Dowan; Pikel


Innate Abilities, Weirdness & Mutations

You have large cloven feet.
You are partially covered in icy blue scales. (AC +2)
You sometimes gain a little power by taking damage.
When hurt, damage is shared between your health and your magic reserves.


Message History

Your chain mail prevents you from hitting the bullfrog.
The bullfrog hits you but does no damage.
You miss the bullfrog. You kick the bullfrog!
The bullfrog is moderately wounded.
The bullfrog closely misses you.
You barely miss the bullfrog. You kick the bullfrog.
The bullfrog is heavily wounded.
The bullfrog hits you.
* * * LOW HITPOINT WARNING * * *
Your chain mail prevents you from hitting the bullfrog.
Your kick misses the bullfrog.
The bullfrog is heavily wounded.
The bullfrog hits you.
* * * LOW HITPOINT WARNING * * *
The bullfrog barely misses you.
You miss the bullfrog.
You kick the bullfrog, but do no damage.
The bullfrog is heavily wounded.
The bullfrog hits you.
You die...

#....#.###....##........
#....#######.[..###.###.
#...............#°...§##
#####.#####.....#.....##
#.......## #....._....
#..#####..# ####.....#.
#.##$$$##.# #○...°#. #
#$?$.$#.#.# ###.###.
#!$..@F[..# .......
#$$.$.#$#.............
##$$$##.#.............
#### ..# !..... .....
.## ..... ...... # ....
...o


You could see a bullfrog.

Vanquished Creatures
  Harold (D:7)
  An acid dragon (D:7)
  Duvessa (D:7)
  An orc warrior (D:6)
  2 ice beasts (D:6)
  A phantom (D:5)
  2 hornet zombies (D:6)
  A necrophage (D:6)
  An ogre (D:5)
  2 centaurs (D:5)
  2 bullfrogs
  A big kobold (D:7)
  A scorpion (D:5)
  5 killer bees (D:7)
  2 bullfrog zombies
  7 hounds
  2 centaur skeletons
  5 orc priests
  4 orc wizards
  A worker ant (D:7)
  2 hound skeletons
  A worker ant zombie (D:6)
  5 adders
  2 oozes (D:2)
  2 adder skeletons
  2 worms
  A dart slug (D:2)
  A leopard gecko (D:3)
  11 orcs
  2 ball pythons
  4 bats
  5 giant cockroaches
  A goblin (D:3)
  10 hobgoblins
  4 jackals
  15 kobolds
  2 quokkas (D:2)
  5 frilled lizards
  2 leopard gecko skeletons
  4 rats
124 creatures vanquished.

Notes
Turn   | Place    | Note
-------+----------+-------------------------------------------
     0 | D:1      | Kniotic the Demonspawn Berserker began the quest for the
                  | Orb.
     0 | D:1      | Reached XP level 1. HP: 18/18 MP: 1/1
   197 | D:1      | Reached skill level 3 in Polearms
   347 | D:1      | Gained mutation: You are partially covered in icy blue
                  | scales. (AC +2) [demonic ancestry]
   347 | D:1      | Reached XP level 2. HP: 19/24 MP: 2/2
  1078 | D:2      | Gained mutation: When hurt, damage is shared between your
                  | health and your magic reserves. [demonic ancestry]
  1078 | D:2      | Reached XP level 3. HP: 28/29 MP: 3/3
  1132 | D:2      | Reached skill level 4 in Polearms
  1411 | D:2      | Reached ** piety under Trog
  1607 | D:2      | Reached XP level 4. HP: 26/35 MP: 4/4
  1934 | D:3      | Reached skill level 5 in Polearms
  1988 | D:3      | Found a white marble altar of Elyvilon.
  1988 | D:3      | Found a shattered altar of Ashenzari.
  2696 | D:4      | Gained mutation: You have large cloven feet. [demonic
                  | ancestry]
  2696 | D:4      | Reached XP level 5. HP: 36/41 MP: 5/5
  2730 | D:4      | Found a hide-covered altar of Uskayaw.
  2730 | D:4      | Noticed a +0 hand axe
  2730 | D:4      | Noticed a +0 dagger
  2860 | D:4      | Reached XP level 6. HP: 37/47 MP: 3/6
  2950 | D:5      | Entered Level 5 of the Dungeon
  2982 | D:5      | Reached skill level 6 in Polearms
  3121 | D:5      | Found Verealac's Distillery.
  3137 | D:5      | Bought a potion of heal wounds for 70 gold pieces
  3137 | D:5      | Bought a potion of heal wounds for 70 gold pieces
  3183 | D:5      | Found a basalt altar of Yredelemnul.
  3358 | D:5      | Found a shimmering altar of Xom.
  3358 | D:5      | Found a shimmering altar of Xom.
  3365 | D:5      | Found a shimmering altar of Xom.
  3365 | D:5      | Found a shimmering altar of Xom.
  3366 | D:5      | Found a shimmering altar of Xom.
  3366 | D:5      | Found a shimmering altar of Xom.
  3366 | D:5      | Found a shimmering altar of Xom.
  3366 | D:5      | Found a shimmering altar of Xom.
  3412 | D:5      | Reached XP level 7. HP: 48/52 MP: 7/7
  3438 | D:5      | Reached skill level 7 in Polearms
  3947 | D:6      | Reached *** piety under Trog
  4010 | D:6      | Reached XP level 8. HP: 48/57 MP: 3/8
  4114 | D:6      | Reached skill level 8 in Polearms
  4169 | D:6      | Found a runed translucent door.
  4169 | D:6      | Noticed zxcvas's ghost (novice OpBe)
  4300 | D:6      | Reached skill level 5 in Dodging
  4841 | D:7      | Noticed Duvessa
  4844 | D:7      | Reached skill level 9 in Polearms
  4858 | D:7      | Noticed Dowan
  4874 | D:7      | Killed Duvessa
  4879 | D:7      | Noticed Pikel
  5117 | D:7      | Gained mutation: You sometimes gain a little power by
                  | taking damage. [demonic ancestry]
  5117 | D:7      | Reached XP level 9. HP: 49/63 MP: 6/9
  5199 | D:7      | Found a stormy altar of Qazlal.
  5253 | D:7      | Noticed Harold
  5402 | D:7      | Killed Harold
  5402 | D:7      | Reached skill level 10 in Polearms
  5604 | D:7      | Reached **** piety under Trog
  5645 | D:7      | HP: 4/94 [acid (11)]
  5652 | D:7      | HP: 2/94 [bullfrog (3)]
  5654 | D:7      | Slain by a bullfrog

Skill      XL: |  1  2  3  4  5  6  7  8  9 |
---------------+----------------------------+-----
Polearms       | 3 4 5 6 7 9 10 | 10.6
Dodging        | 2 3 4 5 6 |  6.8
Fighting       | |  3.0
Armour         | |  1.7

Action                   |  1- 3 |  4- 6 |  7- 9 || total
-------------------------+-------+-------+-------++-------
Melee: Spear             |   184 |   188 |   302 ||   674
       Kick              |       |    29 |   104 ||   133
       Glaive            |       |       |    28 ||    28
Invok: Berserk           |     1 |     2 |     7 ||    10
  Use: Scroll            |       |       |     5 ||     5
       Potion            |       |       |     3 ||     3
 Stab: Sleeping          |     2 |       |       ||     2
  Eat: Chunk             |     3 |     8 |     8 ||    19
       Ration            |       |       |     2 ||     2
Armor: Animal skin       |    48 |    10 |       ||    58
       Ring mail         |       |    29 |    60 ||    89
       Chain mail        |       |       |    12 ||    12
Dodge: Dodged            |   123 |    75 |   142 ||   340
Block: Other             |       |    16 |    37 ||    53
       Reflection        |       |     1 |     2 ||     3
